Map: [ESL] Dragon Scales

Players

Cure

  • Race: Terran Terran

Spirit - Winner!

  • Race: Terran Terran

Event: IEM Katowice 2023

VOD

Have the link to the VOD?

Description

Time

  • Played on: Feb. 8, 2023, 12:36 p.m.
  • Length: 17:09

All games in this series

Show
View Real Time Build Order
Export as new Build Order

Cure Terran 

Build Orders:  

Get SALT Encoding   

  12  0:00  SCV  
  13  0:13  Supply Depot  
  13  0:18  SCV  
  14  0:34  Barracks  
  14  0:40  Refinery  
  14  0:53  Barracks  
  14  0:58  SCV  
  15  1:10  SCV  
  16  1:23  Orbital Command, Reaper  
  17  1:31  Refinery  
  17  1:41  Reaper  
  18  1:49  SCV  
  18  1:51  Supply Depot  
  19  1:58  Reaper  
  21  2:01  SCV  
  21  2:13  SCV, Reaper  
  23  2:25  Factory, SCV  
  24  2:36  Reaper  
  25  2:37  SCV  
  26  2:47  Reaper  
  26  2:49  SCV  
  28  3:01  SCV  
  28  3:08  Reaper  
  28  3:11  Factory Tech Lab  
  29  3:14  SCV  
  29  3:19  Reaper  
  30  3:26  SCV  
  31  3:29  Supply Depot  
  31  3:32  Supply Depot  
  31  3:45  Command Center  
  31  3:49  SCV  
  31  3:51  Cyclone  
  33  3:56  Reaper  
  33  4:01  SCV  
  31  4:15  SCV  
  31  4:23  Cyclone  
  32  4:27  SCV  
  29  4:40  SCV  
  29  4:43  Starport  
  30  4:53  SCV  
  31  5:01  Cyclone  
  31  5:02  Orbital Command  
  31  5:05  SCV  
  35  5:14  Command Center  
  35  5:21  SCV  
  36  5:26  Orbital Command  
  32  5:32  Starport Tech Lab  
  32  5:33  Siege Tank  
  32  5:34  SCV  
  36  5:46  SCV  
  36  5:53  SCV  
  36  5:54  Barracks Reactor  
  37  5:58  SCV  
  38  6:04  Refinery  
  38  6:05  SCV, Refinery  
  38  6:07  Raven  
  38  6:10  SCV  
  42  6:13  Barracks  
  42  6:15  Barracks  
  42  6:17  SCV  
  43  6:22  SCV  
  44  6:29  Siege Tank  
  44  6:30  Marine x2, Orbital Command, SCV  
  50  6:35  SCV  
  51  6:42  SCV  
  51  6:45  Raven  
  55  6:47  SCV  
  55  6:48  Marine x2  
  55  6:54  SCV  
  58  6:57  SCV  
  58  6:59  SCV  
  59  7:05  Siege Tank  
  59  7:06  SCV  
  62  7:09  Barracks Tech Lab  
  62  7:10  SCV  
  62  7:11  Marine x2, SCV  
  66  7:16  Orbital Command  
  66  7:18  SCV  
  67  7:25  Starport Reactor  
  67  7:28  Marine  
  67  7:29  Marine x3, Stimpack, Combat Shield  
  71  7:30  SCV  
  71  7:31  SCV  
  67  7:38  Siege Tank  
  67  7:42  Supply Depot  
  67  7:43  SCV x2, Supply Depot  
  72  7:48  Marine x4  
  76  7:51  SCV  
  77  7:59  Supply Depot  
  77  8:00  SCV x2, Supply Depot  
  79  8:06  Engineering Bay, SCV  
  79  8:08  Engineering Bay  
  79  8:09  Medivac  
  79  8:12  SCV x2  
  84  8:14  Medivac  
  84  8:16  Marine x2  
  84  8:17  Marine  
  89  8:20  Marine  
  89  8:21  SCV  
  89  8:27  SCV x2  
  92  8:30  Supply Depot  
  92  8:32  Siege Tank  
  92  8:33  SCV  
  97  8:35  Terran Infantry Weapons Level 1  
  97  8:38  Marine x2  
  100  8:41  SCV x2  
  100  8:46  SCV  
  102  8:53  Marine, Medivac  
  102  8:54  Medivac  
  106  8:56  Marine x2, SCV x2  
  106  8:58  SCV, Barracks Reactor  
  106  8:59  Terran Infantry Armor Level 1  
  106  9:01  Sensor Tower  
  111  9:07  Barracks  
  111  9:09  Barracks  
  111  9:10  SCV x2  
  111  9:11  SCV, Refinery  
  111  9:12  Refinery  
  111  9:16  Marine x3  
  117  9:21  Siege Tank  
  117  9:23  SCV x3  
  123  9:33  Medivac  
  123  9:36  Supply Depot  
  123  9:37  Supply Depot  
  125  9:42  Armory  
  125  9:48  Marine x3, Medivac, SCV x3  
  133  9:55  Barracks Reactor  
  133  9:56  Barracks Reactor  
  133  9:58  Marine x2, Factory  
  135  10:00  SCV  
  135  10:01  Supply Depot  
  135  10:04  SCV x2  
  135  10:05  Siege Tank, Marine  
  135  10:06  Missile Turret  
  142  10:08  Marine x2  
  142  10:10  Supply Depot  
  142  10:11  Missile Turret  
  142  10:12  SCV  
  145  10:16  Marine x2  
  145  10:17  Medivac  
  149  10:23  Marine  
  149  10:24  Supply Depot  
  149  10:26  Marine  
  149  10:28  Marine  
  155  10:30  Terran Infantry Weapons Level 2  
  155  10:32  Supply Depot  
  155  10:33  Marine x4  
  155  10:34  Marine x2  
  157  10:41  Marine  
  158  10:43  Marine, Terran Vehicle Weapons Level 1  
  158  10:46  Marine, Command Center  
  160  10:50  Siege Tank  
  160  10:51  Marine x3  
  166  11:01  Siege Tank  
  166  11:02  Marine x5  
  166  11:03  Marine  
  175  11:09  Marine x2  
  174  11:15  Marine  
  175  11:20  Marine x5  
  175  11:21  Marine  
  159  11:27  Marine x2  
  159  11:29  SCV x2  
  147  11:33  Marine  
  147  11:38  Marine x5  
  147  11:39  Marine  
  150  11:41  SCV  
  150  11:44  Orbital Command  
  150  11:45  Marine x2, Medivac x2  
  154  11:51  Marine  
  133  11:55  Marine x2  
  133  11:56  Marine x3  
  133  11:57  Marine  
  133  12:02  Siege Tank, Marine  
  133  12:07  SCV x2  
  120  12:16  Marine x4  
  120  12:22  Planetary Fortress  
  123  12:23  SCV  
  123  12:24  SCV  
  123  12:29  Marine x4  
  129  12:30  Marine  
  129  12:33  Siege Tank  
  129  12:36  Terran Infantry Armor Level 2  
  133  12:38  SCV  
  133  12:39  SCV  
  133  12:40  SCV  
  133  12:42  Marine x2  
  138  12:47  Marine x5  
  138  12:48  Marine  
  144  12:52  SCV x3  
  127  13:02  Marine x3  
  127  13:04  Siege Tank  
  127  13:05  Marine, Medivac x2  
  108  13:10  SCV x2  
  108  13:11  SCV x2  
  112  13:14  Marine x4  
  112  13:15  Marine  
  117  13:20  Marine x3  
  117  13:22  Marine  
  117  13:26  Sensor Tower  
  121  13:28  SCV x3  
  121  13:29  SCV  
  121  13:32  Marine x3  
  121  13:33  Marine x2  
  128  13:37  Marine x2  
  128  13:38  Marine  
  128  13:40  Marine  
  132  13:41  Siege Tank x2  
  136  13:50  Marine x2  
  136  13:51  Marine  
  133  13:55  Marine x3  
  133  13:58  Marine  
  132  14:08  Marine  
  122  14:13  Marine x2  
  122  14:16  Marine  
  104  14:26  Marine  
  104  14:31  Marine x2  
  103  14:34  Marine, Siege Tank  
  109  14:43  Marine  
  110  14:46  Siege Tank, Command Center  
  110  14:49  Marine x2  
  110  14:51  Marine  
  113  14:58  SCV x2  
  100  15:01  Marine  
  100  15:06  Siege Tank  
  100  15:07  Marine x2  
  94  15:09  Marine  
  94  15:10  SCV x2  
  94  15:11  Sensor Tower  
  94  15:13  Starport  
  99  15:16  Barracks  
  99  15:17  Barracks  
  99  15:19  Marine  
  99  15:20  Barracks  
  99  15:21  Siege Tank  
  103  15:22  SCV x2  
  103  15:24  Marine x2  
  103  15:27  Marine  
  108  15:34  SCV x2  
  110  15:37  Marine  
  110  15:38  Siege Tank  
  110  15:42  Marine x2  
  113  15:45  Marine  
  113  15:46  SCV x2  
  100  15:53  Starport Reactor  
  100  15:55  Marine  
  101  15:58  SCV x2  
  101  16:00  Marine x2, Siege Tank  
  101  16:02  Orbital Command  
  101  16:03  Marine  
  107  16:06  Refinery x2  
  107  16:11  Marine x3  
  101  16:12  Marine  
  101  16:16  SCV x2  
  101  16:18  Marine x2  
  103  16:20  Marine  
  104  16:29  Marine  
  104  16:31  Marine x3  
  98  16:36  Marine x2  
  98  16:38  Marine  
  104  16:46  Marine  
  101  16:49  Marine x3  
Show
View Real Time Build Order
Export as new Build Order

Spirit Terran - Winner!

Build Orders:  

Get SALT Encoding   

  12  0:00  SCV  
  13  0:12  SCV  
  14  0:17  Supply Depot  
  14  0:24  SCV  
  15  0:38  SCV  
  15  0:39  Barracks  
  16  0:44  Refinery  
  16  0:50  SCV  
  16  0:52  Refinery  
  17  1:03  SCV  
  18  1:15  SCV  
  19  1:26  Reaper  
  19  1:27  Orbital Command  
  19  1:32  Supply Depot  
  20  1:43  Factory  
  20  1:53  SCV  
  21  1:59  Barracks Reactor  
  21  2:04  Reaper  
  21  2:05  SCV  
  23  2:12  Bunker  
  23  2:17  SCV  
  24  2:26  Hellion  
  24  2:29  SCV  
  27  2:33  Supply Depot  
  27  2:36  Reaper  
  28  2:41  SCV  
  28  2:48  Hellion  
  29  2:53  SCV  
  29  2:57  Supply Depot  
  26  3:05  SCV  
  26  3:11  Reaper  
  26  3:12  Hellion  
  29  3:17  SCV  
  30  3:29  SCV  
  31  3:37  Command Center  
  31  3:38  Factory Tech Lab  
  31  3:42  SCV  
  31  3:44  Barracks Reactor  
  32  3:54  SCV  
  33  4:00  Cyclone  
  36  4:06  SCV  
  32  4:18  SCV  
  32  4:22  Marine  
  34  4:30  SCV  
  32  4:32  Cyclone  
  35  4:39  Marine x2  
  35  4:42  SCV  
  35  4:43  Starport  
  38  4:54  SCV  
  39  5:04  Command Center  
  39  5:06  SCV  
  40  5:15  Factory Tech Lab  
  40  5:18  SCV  
  37  5:30  SCV  
  37  5:34  Orbital Command  
  38  5:40  Siege Tank  
  38  5:41  Raven  
  38  5:42  Marine  
  44  5:43  SCV  
  44  5:46  Marine  
  45  5:52  Refinery  
  45  5:55  SCV  
  46  5:58  Barracks  
  46  6:00  SCV  
  47  6:07  SCV  
  48  6:12  SCV  
  49  6:19  SCV  
  49  6:20  Orbital Command  
  49  6:24  Barracks, SCV  
  51  6:25  Starport Reactor  
  51  6:30  Marine, Stimpack  
  51  6:31  SCV  
  53  6:34  Siege Tank  
  53  6:36  SCV  
  53  6:39  Engineering Bay  
  57  6:42  Engineering Bay  
  57  6:43  SCV  
  58  6:48  Marine, SCV x2, Barracks Reactor  
  61  6:55  SCV  
  61  7:00  SCV x2  
  64  7:05  Refinery, Supply Depot  
  64  7:07  SCV  
  63  7:08  Starport Reactor  
  63  7:10  Terran Infantry Weapons Level 1  
  63  7:11  Terran Infantry Armor Level 1  
  63  7:12  SCV x2  
  63  7:13  Marine  
  66  7:18  Siege Tank, Marine  
  71  7:23  Marine  
  71  7:26  Marine x2  
  71  7:28  Medivac  
  75  7:30  Orbital Command, SCV  
  75  7:31  Marine  
  75  7:32  SCV  
  75  7:34  Medivac  
  75  7:36  Marine  
  78  7:40  Marine  
  78  7:43  Marine  
  78  7:44  Marine, Supply Depot  
  82  7:45  Supply Depot  
  82  7:49  Marine  
  82  7:54  Marine  
  82  7:58  Marine, Supply Depot  
  83  8:01  Marine  
  85  8:06  Marine, SCV, Liberator  
  85  8:07  Marine  
  85  8:10  Combat Shield, SCV, Armory  
  85  8:11  SCV  
  85  8:12  Marine  
  94  8:16  Marine  
  94  8:18  SCV  
  94  8:19  Marine  
  97  8:21  Siege Tank  
  97  8:22  SCV  
  97  8:23  SCV  
  97  8:24  Marine x2  
  104  8:29  Marine  
  104  8:30  SCV  
  104  8:31  Supply Depot  
  104  8:33  Supply Depot  
  104  8:34  Marine, Supply Depot  
  106  8:40  Barracks, SCV  
  108  8:41  SCV  
  108  8:42  Barracks  
  109  8:48  Marine  
  109  8:53  Medivac x2, SCV x2  
  109  8:55  SCV  
  116  8:58  Supply Depot  
  116  8:59  Supply Depot  
  116  9:01  Refinery  
  116  9:02  Refinery  
  116  9:04  Terran Infantry Weapons Level 2  
  116  9:05  Terran Infantry Armor Level 2  
  116  9:09  SCV x3  
  119  9:17  Command Center  
  119  9:19  Marine  
  119  9:21  SCV  
  119  9:22  Marine x2  
  119  9:23  SCV  
  124  9:27  Marine  
  124  9:28  Barracks Reactor  
  124  9:30  Barracks Reactor  
  124  9:31  SCV  
  123  9:32  Viking  
  123  9:34  Marine, Viking  
  128  9:41  Terran Vehicle Weapons Level 1, Supply Depot  
  128  9:43  SCV, Supply Depot  
  128  9:45  Marine  
  130  9:51  Marine  
  130  9:52  Marine x2  
  133  9:53  Marine, SCV, Missile Turret  
  133  9:54  Missile Turret  
  133  9:55  SCV, Missile Turret  
  133  9:59  SCV  
  136  10:01  Sensor Tower  
  136  10:03  Marine  
  136  10:09  Marine x2  
  136  10:11  SCV  
  136  10:13  Siege Tank  
  142  10:14  Viking  
  142  10:16  Factory, Viking  
  142  10:18  SCV  
  147  10:25  Marine x2, SCV x2  
  147  10:27  Marine  
  152  10:30  Marine  
  152  10:32  Marine, Refinery  
  152  10:33  Refinery  
  153  10:36  Marine  
  153  10:37  SCV  
  153  10:40  Marine, Planetary Fortress  
  153  10:41  Marine, SCV  
  156  10:46  Viking  
  156  10:48  SCV, Starport  
  156  10:49  Starport  
  159  10:51  Viking  
  159  10:53  Marine x2  
  159  10:54  Marine, SCV  
  164  10:57  Marine  
  164  11:00  Factory Tech Lab  
  164  11:01  Marine, SCV  
  164  11:03  SCV  
  164  11:06  SCV  
  164  11:07  Marine x4  
  164  11:11  Marine x2  
  169  11:12  Marine  
  169  11:13  SCV  
  169  11:15  Marine  
  163  11:19  Marine  
  163  11:22  SCV  
  158  11:25  Marine x2  
  158  11:26  Marine  
  158  11:27  Marine  
  158  11:28  Marine  
  158  11:29  Marine x2  
  150  11:32  Marine  
  150  11:36  Marine  
  142  11:42  Liberator  
  142  11:43  Marine x2  
  142  11:44  Marine  
  142  11:45  Marine  
  142  11:46  Marine x2  
  146  11:47  Marine  
  146  11:48  SCV  
  146  11:49  SCV  
  146  11:50  Marine  
  132  11:54  Marine  
  132  11:58  Siege Tank  
  133  12:01  Marine x2  
  133  12:02  Marine x2  
  133  12:04  Marine x2  
  133  12:05  Marine  
  138  12:12  Marine x2  
  131  12:19  Marine x2  
  131  12:20  Marine x2  
  131  12:22  Marine x2  
  137  12:24  Viking x2, Liberator  
  137  12:25  Viking  
  137  12:29  Marine  
  143  12:30  Marine  
  145  12:37  Marine x2  
  145  12:38  Marine  
  145  12:43  Siege Tank  
  145  12:44  Marine x3  
  151  12:46  Sensor Tower  
  151  12:47  Marine  
  151  12:48  Marine  
  156  12:55  Marine x3  
  150  13:02  Marine x3  
  150  13:05  Marine x2  
  150  13:08  Orbital Command  
  150  13:11  Terran Infantry Weapons Level 3, Terran Infantry Armor Level 3  
  150  13:12  Marine x2  
  152  13:13  Marine, Starport Reactor x2  
  152  13:19  Marine x2, Factory Tech Lab x2  
  157  13:33  Supply Depot  
  157  13:34  Supply Depot  
  157  13:35  Supply Depot  
  157  13:36  Supply Depot  
  157  13:50  Marine  
  157  13:51  Marine x2  
  157  13:52  Marine  
  157  13:55  Marine x4  
  156  14:08  Marine  
  156  14:09  Marine x2  
  148  14:10  Marine  
  148  14:12  Siege Tank  
  148  14:13  Marine x4  
  143  14:24  Siege Tank  
  144  14:26  Marine x2  
  144  14:27  Marine  
  144  14:28  Marine  
  144  14:30  Marine x4  
  149  14:31  Liberator x2  
  146  14:44  Marine x2, Siege Tank, Liberator  
  146  14:45  Marine  
  155  14:46  Marine  
  155  14:48  Marine x4  
  155  14:56  Siege Tank  
  143  15:01  Marine  
  143  15:02  Marine  
  143  15:03  Marine  
  143  15:04  Marine  
  143  15:05  Medivac x2  
  143  15:06  Marine x4  
  149  15:13  Refinery  
  149  15:14  Refinery  
  149  15:17  Missile Turret  
  149  15:18  Missile Turret  
  149  15:19  Marine  
  149  15:20  Marine x2, Missile Turret  
  152  15:21  Marine, Missile Turret  
  152  15:23  Medivac  
  152  15:24  Marine x4  
  152  15:25  SCV, Command Center  
  152  15:26  SCV x2  
  162  15:30  Viking  
  164  15:37  Marine  
  164  15:38  Marine x2  
  164  15:39  Marine  
  164  15:42  Marine x4  
  148  15:53  Viking x2  
  148  15:55  Marine x2  
  148  15:56  Marine, Viking  
  156  15:57  Marine  
  156  15:58  Command Center  
  156  15:59  Marine x4  
  156  16:00  Viking  
  166  16:04  Siege Tank  
  164  16:13  Marine x2  
  164  16:14  Marine  
  164  16:15  Marine  
  164  16:17  Marine x4  
  172  16:31  Marine x2  
  172  16:32  Marine  
  175  16:33  Supply Depot  
  175  16:34  Marine, Supply Depot x2  
  175  16:35  Marine  
  175  16:36  Marine x3  
  173  16:48  Marine  
  173  16:49  Marine  
  173  16:50  Marine  

Tags
 
Add a new tag
Caveats
  • Supply blocks, unpowered buildings, or Contaminate may cause inaccurate times.
  • Supply counts are checked every 10 seconds.